 Dungeon Crawl Stone Soup version 0.28.0-45-g0d030f2227 (webtiles) character file.

Game seed: 12074391542161940265

51830 nickcage the Bludgeoner (level 14, -3/129 HPs)
             Began as a Minotaur Gladiator on Apr 13, 2022.
             Was a High Priest of the Shining One.
             Slain by a stone giant zombie (5 damage)
             ... while petrified by a basilisk
             ... on level 15 of the Dungeon on Apr 14, 2022.
             The game lasted 00:52:40 (21509 turns).

nickcage the Bludgeoner (Minotaur Gladiator)       Turns: 21509, Time: 00:52:41

Health: -3/129     AC: 24    Str: 24    XL:     14   Next: 24%
Magic:  0/18       EV:  2    Int:  3    God:    the Shining One [*****.]
Gold:   1831       SH:  0    Dex:  9    Spells: 13/13 levels left

rFire   + . .      SeeInvis +   O - +1 morningstar (freeze)
rCold   . . .      Faith    .   l - +2 buckler
rNeg    + + +      Spirit   +   w - +3 chain mail {rF+}
rPois   ∞          Reflect  .   N - +2 hat
rElec   .          Harm     .   r - +0 cloak
rCorr   .          Rampage  +   G - +0 pair of gloves {infuse}
Will    +....                   I - +2 pair of boots of Gozag's Reproof {Rampage rPois Int-2 Dex-3}
Stlth   ..........              t - amulet of guardian spirit
HPRegen 0.31/turn               f - ring of see invisible
MPRegen 0.16/turn               K - ring of flight

@: divinely shielded, petrified, flying, glowing
A: horns 2, retaliatory headbutt
a: Renounce Religion, Divine Shield, Cleansing Flame, Summon Divine Warrior


You were on level 15 of the Dungeon.
You worshipped the Shining One.
The Shining One was extremely pleased with you.
You visited 3 branches of the dungeon, and saw 20 of its levels.
You also visited: Bailey.

You collected 1831 gold pieces.

Inventory:

Hand Weapons
 a - a +1 flail of flaming
 H - the +6 quarterstaff "Totean" {flame, rF+}
   (You found it on level 9 of the Dungeon)

   It burns those it strikes, dealing additional fire damage.
   rF:        It protects you from fire.
 O - a +1 morningstar of freezing (weapon)
Missiles
 d - 8 throwing nets
 n - 11 curare-tipped darts (quivered)
 s - 23 boomerangs
Armour
 b - a +2 pair of boots of rampaging
 c - a +0 hat
 i - a +0 chain mail of poison resistance
 l - a +2 buckler (worn)
 r - a +0 cloak (worn)
 w - a +3 chain mail of fire resistance (worn)
 z - a +0 pair of gloves
 G - a +0 pair of gloves of infusion (worn)
 I - the +2 pair of boots of Gozag's Reproof (worn) {Rampage rPois Int-2 Dex-3}
   (You found it in a bailey)

   Int:       It affects your intelligence (-2).
   Dex:       It affects your dexterity (-3).
   rPois:     It protects you from poison.
   Rampage:   It bestows one free step when moving towards enemies.
 N - a +2 hat (worn)
Jewellery
 f - a ring of see invisible (left hand)
 t - an amulet of guardian spirit (around neck)
 x - a ring of magical power
 K - a ring of flight (right hand)
 T - a ring of protection from cold
 U - a +6 ring of dexterity
 V - an amulet of regeneration
Wands
 v - a wand of flame (4)
 A - a wand of digging (7)
 E - a wand of paralysis (6)
 L - a wand of polymorph (9)
 R - a wand of iceblast (2)
Scrolls
 e - 8 scrolls of teleportation
 g - 3 scrolls of vulnerability
 k - a scroll of magic mapping
 o - 3 scrolls of fog
 y - 4 scrolls of blinking
 C - 7 scrolls of identify
 J - 4 scrolls of fear
 Q - a scroll of amnesia
 S - a scroll of holy word
Potions
 h - 10 potions of curing
 j - a potion of attraction
 m - 2 potions of degeneration
 p - 3 potions of heal wounds
 q - a potion of flight
 u - 2 potions of brilliance
 B - a potion of mutation
 D - 2 potions of haste
 F - 2 potions of ambrosia
 M - 2 potions of might
 P - a potion of invisibility
 W - a potion of lignification {unknown}


   Skills:
 + Level 13.5 Fighting
 - Level 19.0 Maces & Flails
 - Level 2.0 Throwing
 + Level 13.4 Armour
 - Level 3.2 Dodging
 - Level 11.1 Shields
 - Level 6.7 Invocations


You had 13 spell levels left.
You didn't know any spells.
Your spell library contained the following spells:

 Spells                   Type           Power      Damage    Failure   Level
 Animate Skeleton         Necr           0%         N/A       97%         1
 Apportation              Tloc           0%         N/A       97%         1
 Magic Dart               Conj           0%         1d3       97%         1
 Shock                    Conj/Air       0%         1d3       97%         1
 Summon Small Mammal      Summ           0%         N/A       97%         1
 Corpse Rot               Necr/Air       0%         N/A       99%         2
 Poisonous Vapours        Pois/Air       0%         N/A       99%         2
 Searing Ray              Conj           0%         2d4       99%         2
 Call Canine Familiar     Summ           0%         N/A       100%        3
 Conjure Flame            Conj/Fire      0%         6-21      100%        3
 Dazzling Flash           Conj/Hex       0%         N/A       100%        3
 Ignite Poison            Fire/Tmut/Pois 0%         N/A       100%        3
 Inner Flame              Hex/Fire       0%         N/A       100%        3
 Ozocubu's Armour         Ice            0%         N/A       100%        3
 Portal Projectile        Hex/Tloc       0%         N/A       100%        3
 Swiftness                Air            0%         N/A       100%        3
 Tukima's Dance           Hex            0%         N/A       100%        3
 Airstrike                Air            0%         N/A       100%        4
 Animate Armour           Summ/Erth      0%         N/A       100%        4
 Animate Dead             Necr           0%         N/A       100%        4
 Cause Fear               Hex            0%         N/A       100%        4
 Fulminant Prism          Conj/Hex       0%         3d6       100%        4
 Iskenderun's Mystic Bla  Conj/Tloc      0%         2d3       100%        4
 Leda's Liquefaction      Hex/Erth       0%         N/A       100%        4
 Passage of Golubria      Tloc           0%         N/A       100%        4
 Sticky Flame             Conj/Fire      0%         2d3       100%        4
 Summon Lightning Spire   Summ/Air       0%         N/A       100%        4
 Blade Hands              Tmut           0%         N/A       100%        5
 Lightning Bolt           Conj/Air       0%         1d11      100%        5
 Metabolic Englaciation   Hex/Ice        0%         N/A       100%        5
 Yara's Violent Unravell  Hex/Tmut       0%         3d3       100%        5
 Dispersal                Tloc           0%         N/A       100%        6
 Iron Shot                Conj/Erth      0%         9d1       100%        6
 Simulacrum               Ice/Necr       0%         N/A       100%        6
 Starburst                Conj/Fire      0%         6d3       100%        6
 Haunt                    Necr/Summ      0%         N/A       100%        7
 Discord                  Hex            0%         N/A       100%        8
 Disjunction              Tloc           0%         N/A       100%        8
 Infestation              Necr           0%         N/A       100%        8


Dungeon Overview and Level Annotations

Branches:
Dungeon (15/15)            Temple (1/1) D:4            Lair (4/6) D:8
  Snake (0/4) Lair:2          Orc (0/2) D:10         Vaults (0/5) D:14
 Bailey (visited)
  Swamp: Lair:2-4    Shoals: Lair:2-4    Depths: D:15

Altars:
Ashenzari
Cheibriados
Dithmenos
Elyvilon
Fedhas
Gozag
Hepliaklqana
Kikubaaqudgha
Makhleb
Nemelex Xobeh
Okawaru
Qazlal
Ru
Sif Muna
Trog
Uskayaw
Vehumet
Wu Jian
Xom
Yredelemnul
Zin
The Shining One

Annotations:
Lair:4 Nessos


Innate Abilities, Weirdness & Mutations

You have a pair of horns on your head.
You reflexively headbutt those who attack you in melee.


Message History

The basilisk is no longer moving slowly.
The centaur warrior simulacrum hits you.
* * * LOW HITPOINT WARNING * * *
The centaur warrior simulacrum freezes you!!
* * * LOW HITPOINT WARNING * * *
The centaur warrior simulacrum barely misses you.
The stone giant skeleton hits you!!
* * * LOW HITPOINT WARNING * * *
The centaur simulacrum hits you but does no damage.
The centaur simulacrum kicks you but does no damage.
The stone giant zombie hits you but does no damage.
The centaur warrior simulacrum hits you!
* * * LOW HITPOINT WARNING * * *
The centaur warrior simulacrum freezes you!
* * * LOW HITPOINT WARNING * * *
The centaur warrior simulacrum kicks you but does no damage.
The centaur simulacrum hits you but does no damage.
The centaur simulacrum kicks you but does no damage.
The basilisk gazes at you.
You easily resist.
The stone giant skeleton hits you but does no damage.
The centaur warrior simulacrum barely misses you.
The centaur warrior simulacrum kicks you but does no damage.
The stone giant zombie hits you.
* * * LOW HITPOINT WARNING * * *
The centaur simulacrum hits you but does no damage.
The centaur simulacrum kicks you but does no damage.
The basilisk gazes at you.
The centaur warrior simulacrum hits you but does no damage.
The centaur warrior simulacrum kicks you but does no damage.
The stone giant skeleton hits you!! The Shining One protects you from harm!
The centaur simulacrum hits you but does no damage.
The centaur simulacrum kicks you but does no damage.
The centaur warrior simulacrum hits you but does no damage.
The centaur warrior simulacrum kicks you but does no damage.
The basilisk bites you.
* * * LOW HITPOINT WARNING * * *
The stone giant zombie hits you!
You die...

##. ... ..#... . #...
### ..≈###..#.... .
/...#...#≈≈#...#.....#..
#...#.⌠.#≈≈#.⌠.#...#P...
#..#...#≈≈#...#..#8....
#..!###≈≈≈≈###.........
#.....≈≈≈≈≈≈..ZZZ......
#.....≈≈≈≈≈≈...@Z......
#...###†≈≈≈###.Wl8.....
#))#...#≈≈#...#[.......
##))#.⌠.#≈≈#.).#.#..88..
..).#...#≈≈#...#.#....(.
.....###≈..)###..#......
.##..............# 888..
<###..######.#..## .....
.# ##.# .# ##


You could see a flayed ghost, a basilisk, a centaur simulacrum, a centaur
warrior simulacrum, a stone giant zombie and a stone giant skeleton.

Vanquished Creatures
  Gastronok (D:10)
  An ironbound preserver (D:14)
  Josephine (D:10)
  Harold (Lair:2)
  3 boulder beetles
  An ogre mage (D:15)
  4 two-headed ogres
  6 hydras
  2 centaur warriors
  2 catoblepae
  4 tengu warriors (D:14)
  A death yak (D:8)
  2 skeletal warriors (D:15)
  An orc knight (Bailey)
  Pikel (D:5)
  A necromancer (D:15)
  6 ugly things
  5 cyclopes
  2 black mambas (Lair:2)
  2 gargoyles
  A torpor snail (Lair:3)
  7 cane toads
  3 rime drakes
  2 efreet
  4 komodo dragons
  A kobold demonologist (D:13)
  3 trolls
  A polar bear (Lair:3)
  Grinder (D:5)
  2 hornets
  9 blink frogs (Lair:3)
  6 slime creatures
  A dream sheep (Lair:3)
  3 wraiths (D:10)
  4 vampires
  39 yaks
  5 wyverns
  A golden eye (shapeshifter) (D:13)
  5 basilisks
  5 vampire mosquitoes
  Menkaure (D:7)
  A steam dragon (D:7)
  3 nagas (Lair:2)
  A warg (D:10)
  7 water moccasins
  4 black bears
  A hornet zombie (D:8)
  2 sky beasts
  9 orc warriors
  A necrophage (D:5)
  10 wolves
  7 ogres
  7 centaurs
  A lemure (D:5)
  11 kobold brigands
  4 gnoll sergeants
  A scorpion (D:5)
  8 bullfrogs
  A water moccasin skeleton (D:5)
  5 killer bees (D:9)
  14 wights
  An electric eel (D:15)
  A crimson imp (D:8)
  3 howler monkeys
  3 centaur zombies
  A bullfrog skeleton (D:5)
  3 gnoll shamans
  13 orc priests
  6 hounds
  2 jellies
  Ijyb (D:5)
  3 iguanas
  7 orc wizards
  A hound zombie (D:5)
  27 gnolls
  2 adders (D:4)
  3 white imps
  2 ufetubi (D:5)
  2 worms
  2 dart slugs
  42 orcs
  2 bats (D:2)
  5 endoplasms
  7 goblins
  14 hobgoblins
  2 jackals
  33 kobolds
  2 quokkas
  4 ball pythons
  A frilled lizard (D:1)
  5 rats
  A butterfly (Lair:2)
450 creatures vanquished.

Vanquished Creatures (others)
  9 fungi
  6 plants
  8 withered plants (D:15)
23 creatures vanquished.

Grand Total: 473 creatures vanquished

Notes
Turn   | Place    | Note
-------+----------+-------------------------------------------
     0 | D:1      | nickcage the Minotaur Gladiator began the quest for the
                  | Orb.
     0 | D:1      | Reached XP level 1. HP: 18/18 MP: 0/0
   353 | D:1      | Reached skill level 4 in Maces & Flails
   390 | D:1      | Reached XP level 2. HP: 19/25 MP: 1/1
   899 | D:1      | Reached skill level 5 in Maces & Flails
  1113 | D:2      | You fall into a shaft and drop 2 floors!
  1126 | D:4      | Reached XP level 3. HP: 30/30 MP: 2/2
  1152 | D:3      | Found a faded altar of an unknown god.
  1152 | D:3      | Noticed a floating eye
  1156 | D:3      | Noticed a golden eye
  1156 | D:3      | Noticed a great orb of eyes
  1156 | D:3      | Noticed a floating eye
  1176 | D:3      | Reached skill level 6 in Maces & Flails
  1176 | D:3      | Reached XP level 4. HP: 22/37 MP: 3/3
  2362 | D:4      | Found a staircase to the Ecumenical Temple.
  2372 | Temple   | Entered the Ecumenical Temple
  2509 | Temple   | Became a worshipper of the Shining One
  2688 | D:4      | Reached skill level 7 in Maces & Flails
  2688 | D:4      | Reached XP level 5. HP: 40/42 MP: 4/4
  3155 | D:5      | Entered Level 5 of the Dungeon
  3190 | D:5      | Reached skill level 8 in Maces & Flails
  3203 | D:5      | Reached XP level 6. HP: 4/50 MP: 5/5
  3564 | D:5      | Noticed Grinder
  3572 | D:5      | Killed Grinder
  3573 | D:5      | Reached skill level 9 in Maces & Flails
  3573 | D:5      | Reached XP level 7. HP: 27/56 MP: 6/6
  3819 | D:5      | Noticed Ijyb
  3823 | D:5      | Reached skill level 10 in Maces & Flails
  3835 | D:5      | Killed Ijyb
  4101 | D:5      | Noticed Pikel
  4101 | D:5      | Reached * piety under the Shining One
  4108 | D:5      | Killed Pikel
  4109 | D:5      | Reached skill level 12 in Maces & Flails
  4109 | D:5      | Reached XP level 8. HP: 45/62 MP: 7/7
  4734 | D:5      | Found an ancient bone altar of Kikubaaqudgha.
  4807 | D:5      | Reached skill level 13 in Maces & Flails
  5347 | D:6      | Reached skill level 14 in Maces & Flails
  5466 | D:6      | Reached skill level 1 in Armour
  5470 | D:6      | Reached XP level 9. HP: 63/69 MP: 8/8
  5582 | D:6      | Reached skill level 1 in Shields
  5912 | D:7      | Reached ** piety under the Shining One
  5916 | D:7      | Noticed Menkaure
  6230 | D:7      | Killed Menkaure
  6242 | D:7      | Reached skill level 5 in Fighting
  7128 | D:8      | Paralysed by a hornet for 3 turns
  7136 | D:8      | Reached skill level 5 in Armour
  7643 | D:8      | Noticed a death yak
  7649 | D:8      | Reached skill level 5 in Shields
  7670 | D:8      | Killed a death yak
  7671 | D:8      | Reached XP level 10. HP: 26/86 MP: 3/9
  7949 | D:8      | Found a staircase to the Lair.
  8608 | D:9      | Identified the +6 quarterstaff "Totean" {flame, rF+}
  8845 | D:9      | Noticed a two-headed ogre
  8849 | D:9      | Killed a two-headed ogre
  8952 | D:9      | Reached *** piety under the Shining One
  9590 | D:10     | Entered Level 10 of the Dungeon
  9615 | D:10     | Found a flagged portal.
  9624 | Bailey   | Entered a bailey
  9835 | Bailey   | Identified the +2 pair of boots of Gozag's Reproof {Rampage
                  | rPois Int-2 Dex-3}
  9859 | Bailey   | Noticed an orc knight
  9882 | Bailey   | Killed an orc knight
 10171 | Bailey   | Found an iron altar of Okawaru.
 10240 | D:10     | Reached XP level 11. HP: 95/95 MP: 8/10
 10439 | D:10     | Noticed Josephine
 10452 | D:10     | Killed Josephine
 10800 | D:10     | Reached skill level 10 in Armour
 10814 | D:10     | Found a staircase to the Orcish Mines.
 10814 | D:10     | Reached **** piety under the Shining One
 11288 | D:10     | Noticed Gastronok
 11301 | D:10     | Killed Gastronok
 11767 | D:10     | Reached skill level 10 in Shields
 12033 | D:11     | Reached skill level 10 in Fighting
 12514 | D:11     | Found an iron altar of Okawaru.
 12644 | D:11     | Noticed a boulder beetle
 12720 | D:11     | Killed a boulder beetle
 13085 | Lair:1   | Entered Level 1 of the Lair of Beasts
 13400 | Lair:1   | Noticed a catoblepas
 13421 | Lair:1   | Killed a catoblepas
 13422 | Lair:1   | Reached XP level 12. HP: 63/110 MP: 2/11
 13749 | Lair:1   | Reached ***** piety under the Shining One
 14224 | Lair:2   | Reached skill level 1 in Invocations
 14479 | Lair:2   | Noticed an eight-headed hydra
 14488 | Lair:2   | Killed an eight-headed hydra
 14489 | Lair:2   | Reached skill level 15 in Maces & Flails
 14639 | Lair:2   | Noticed Harold
 14659 | Lair:2   | Killed Harold
 14710 | Lair:2   | Reached skill level 16 in Maces & Flails
 15058 | Lair:2   | Found a staircase to the Snake Pit.
 15841 | Lair:3   | Noticed a six-headed hydra
 15851 | Lair:3   | Killed a six-headed hydra
 15855 | Lair:3   | Reached skill level 17 in Maces & Flails
 16374 | Lair:3   | Reached XP level 13. HP: 116/116 MP: 12/15
 16474 | Lair:3   | Reached skill level 18 in Maces & Flails
 17385 | Lair:4   | Noticed Nessos
 18372 | D:12     | Reached skill level 19 in Maces & Flails
 18631 | D:13     | Reached skill level 5 in Invocations
 20623 | D:14     | Reached XP level 14. HP: 127/127 MP: 16/18
 20715 | D:14     | Noticed an ironbound preserver
 20747 | D:14     | Killed an ironbound preserver
 20761 | D:14     | Found a gate to the Vaults.
 21184 | D:15     | Entered Level 15 of the Dungeon
 21507 | D:15     | HP: 5/129 [centaur warrior simulacrum (6)]
 21508 | D:15     | The Shining One protects you from harm!
 21509 | D:15     | HP: 2/129 [basilisk (2)]
 21509 | D:15     | Slain by a stone giant zombie

Illustrated notes

Levels and vault maps discovered:
D:1:      dpeg_cavernosity, layout_loops_ring
D:2:      layout_rooms, minmay_tetromino_t4
D:3:      layout_basic, hellmonk_ecumenical_altar_watching_god
D:4:      layout_basic, minmay_temple_entry_proselytizer, st_stairs_13,
          grunt_ministairs_2, minmay_diced_spiral
D:5:      layout_loops_ring, overflow_temple_1_default,
          amcnicky_mini_pool_medium, uniq_pikel, uniq_ijyb, uniq_grinder
D:6:      layout_cave_pools
D:7:      layout_cave_pods, grunt_tough_drop, uniq_menkaure
D:8:      layout_loops_cross, david_lair_generic, minivault_22,
          minmay_fire_ice_demons
D:9:      kennysheep_housing_project, layout_basic, nicolae_wwwww, minmay_holes
D:10:     layout_basic, erik_orc_3, enter_bailey_6, uniq_josephine,
          uniq_gastronok
D:11:     layout_basic, hangedman_decor_lopped, okawaru_metal_pillars_3
D:12:     layout_cave_pools, minmay_misc_feat_ornament
D:13:     layout_roguey
D:14:     layout_basic, skrybe_vaults_entry_preservation, moated_statue
D:15:     gammafunk_depths_entry_grave, layout_loops_ring, fountainhead
Temple:   minmay_crystal_snake_temple
Lair:1:   layout_gridlike, lemuel_fruit_fields, serial_bayou_shore_a
Lair:2:   layout_hall_layers, minmay_snake_entry_guardpost_small,
          beast_lair_carwin_11, lemuel_fruit_fields, uniq_harold
Lair:3:   layout_cave_shapes, nzn_random_ring
Lair:4:   layout_small_grid, minmay_shoals_entry_hut, grunt_megastairs_3,
          infiniplex_staircase_pool, uniq_nessos, uniq_nergalle

Skill      XL: |  1  2  3  4  5  6  7  8  9 10 11 12 13 14 |
---------------+-------------------------------------------+-----
Maces & Flails | 4 5 6 7 8 9 12 14 17 19 | 19.0
Armour         | 1 6 9 11 12 13 | 13.4
Fighting       | 3 7 8 11 12 13 | 13.5
Shields        | 5 8 11 | 11.1
Invocations    | 4 6 |  6.7
Throwing       | |  2.0
Dodging        | |  3.2

Action                   |  1- 3 |  4- 6 |  7- 9 | 10-12 | 13-15 || total
-------------------------+-------+-------+-------+-------+-------++-------
Melee: Flail             |    66 |    97 |   217 |   304 |       ||   684
       Headbutt          |     6 |    23 |    54 |   157 |    85 ||   325
       Punch             |     1 |     3 |     1 |       |       ||     5
       Morningstar       |       |       |       |   254 |   309 ||   563
Throw: Boomerang         |       |     2 |    23 |    18 |       ||    43
       Dart              |       |       |       |    11 |    16 ||    27
Invok: Divine Shield     |       |       |       |       |     2 ||     2
  Use: Scroll            |     3 |       |     6 |    12 |     7 ||    28
       Potion            |       |     1 |     1 |       |     1 ||     3
Armor: Leather armour    |     9 |       |       |       |       ||     9
       Ring mail         |     7 |     9 |       |       |       ||    16
       Scale mail        |       |    13 |       |       |       ||    13
       Chain mail        |       |    27 |    90 |   200 |   228 ||   545
       Plate armour      |       |       |    14 |       |       ||    14
Dodge: Dodged            |    40 |    52 |    66 |   158 |   117 ||   433
Block: Buckler           |       |       |    20 |   162 |   146 ||   328
